 Dungeon Crawl Stone Soup version 0.27.1-4-g1640c2035a (webtiles) character file.

Game seed: 14443795496488651460

23356 raph the Severer (level 12, -1/106 HPs)
             Began as a Minotaur Berserker on Oct 31, 2021.
             Was an Elder of Trog.
             Shot with an arrow by Nessos (6 damage)
             ... on level 4 of the Lair of Beasts.
             The game lasted 00:26:59 (20508 turns).

raph the Severer (Minotaur Berserker)              Turns: 20508, Time: 00:27:00

Health: -1/106     AC: 20    Str: 29    XL:     12   Next: 71%
Magic:  11/11      EV: 13    Int:  4    God:    Trog [****..]
Gold:   573        SH: 10    Dex: 14    Spells: 11/11 levels left

rFire    . . .     SeeInvis .   a - +7 broad axe (flame)
rCold    + . .     Faith    .   V - +0 kite shield
rNeg     . . .     Spirit   .   K - +1 plate armour {rC+}
rPois    .         Reflect  .   (helmet restricted)
rElec    .         Harm     .   y - +1 cloak
rCorr    .         Rampage  .   (no gloves)
Will     .....                  q - +1 pair of boots
Stlth    ..........             R - amulet of regeneration
HPRegen  1.27/turn              F - +6 ring of strength
MPRegen  0.12/turn              d - +4 ring of evasion

@: lethally poisoned (-1 -> -6), on berserk cooldown, slowed, very slow
A: horns 2, retaliatory headbutt
a: Renounce Religion, Berserk, Trog's Hand, Brothers in Arms


You were on level 4 of the Lair of Beasts.
You worshipped Trog.
Trog was greatly pleased with you.
You visited 2 branches of the dungeon, and saw 15 of its levels.

You collected 1041 gold pieces.
You spent 468 gold pieces at shops.

Inventory:

Hand Weapons
 a - a +7 broad axe of flaming (weapon)
 b - a +0 shortbow
 J - a +0 hand axe
 L - a +2 whip of freezing
 U - a +5 battleaxe
Missiles
 j - 11 boomerangs (quivered)
 n - 67 poisoned darts
 r - 2 javelins
 x - 6 throwing nets
 O - 99 arrows
Armour
 c - a +0 leather armour
 q - a +1 pair of boots (worn)
 y - a +1 cloak (worn)
 H - a +0 plate armour
 K - a +1 plate armour of cold resistance (worn)
 V - a +0 kite shield (worn)
Jewellery
 d - a +4 ring of evasion (right hand)
 f - a ring of poison resistance
 g - a ring of positive energy
 p - a +4 ring of protection
 F - a +6 ring of strength (left hand)
 R - an amulet of regeneration (around neck)
 T - a ring of protection from fire
Wands
 u - a wand of acid (16)
 C - a wand of polymorph (9)
 D - a wand of digging (9)
 G - a wand of iceblast (6)
 P - a wand of flame (30)
Scrolls
 k - 4 scrolls of magic mapping
 s - 3 scrolls of fear
 w - 3 scrolls of teleportation
 B - a scroll of silence
 I - 5 scrolls of identify
 Q - 3 scrolls of blinking
Potions
 e - 4 potions of flight
 h - a potion of invisibility
 i - 5 potions of lignification
 l - a potion of cancellation
 m - 3 potions of attraction
 o - 4 potions of heal wounds
 t - a potion of magic
 v - a potion of berserk rage
 z - 4 potions of ambrosia
 A - a potion of resistance
 E - 3 potions of haste
 M - a potion of mutation
 N - 3 potions of curing
Miscellaneous
 W - a condenser vane


   Skills:
 + Level 10.3 Fighting
 * Level 17.4 Axes
 + Level 9.9 Armour
 + Level 9.1 Dodging
 - Level 2.9 Stealth
 + Level 3.7 Shields
 - Level 3.0 Evocations


You had 11 spell levels left.
You didn't know any spells.
Your spell library was empty.

Dungeon Overview and Level Annotations

Branches:
Dungeon (11/15)            Temple (0/1) D:6            Lair (4/6) D:11
  Swamp (0/4) Lair:3
  Snake: Lair:2-4    Spider: Lair:2-4       Orc: D:9-12

Altars:
Cheibriados
Dithmenos
Elyvilon
Hepliaklqana
Xom
Zin
The Shining One

Shops:
D:6 [

Annotations:
D:7 exclusion: ice statue
Lair:4 Nessos


Innate Abilities, Weirdness & Mutations

You have a pair of horns on your head.
You reflexively headbutt those who attack you in melee.


Message History

The arrow burns your two-headed ogre.
Your two-headed ogre is poisoned.
Nessos shoots an arrow.
The arrow hits your two-headed ogre!! The arrow burns your two-headed ogre.
Your two-headed ogre dies!
Your two-headed ogre's corpse disappears in a puff of smoke!
Nessos shoots an arrow.
You block the arrow.
You fail to use your ability.
Nessos shoots an arrow.
The arrow hits you. The arrow burns you.
You are poisoned.
Nessos shoots an arrow.
You block the arrow.
You feel very sick.
Nessos unwields a +3 longbow of flaming.
It stops flaming.
Nessos hits you but does no damage. Nessos kicks you but does no damage.
Nessos hits you. Nessos kicks you.
* * * LOW HITPOINT WARNING * * *
Nessos blinks!
As you read the scroll of teleportation, it crumbles to dust.
You feel strangely unstable.
You feel very sick.
Nessos blinks!
Nessos wields a +3 longbow of flaming.
It bursts into flame!
Nessos shoots an arrow.
You block the arrow.
Your surroundings seem slightly different.
You feel sick.
Nessos shoots an arrow.
The arrow hits you!
* * * LOW HITPOINT WARNING * * *
The arrow burns you.
You are more poisoned.
* * * LOW HITPOINT WARNING * * *
Nessos shoots an arrow.
You block the arrow.
As you read the scroll of fog, it crumbles to dust.
The scroll dissolves into smoke.
* * * LOW HITPOINT WARNING * * *
You feel extremely sick.
Nessos shoots an arrow.
The arrow hits you.
* * * LOW HITPOINT WARNING * * *
The arrow burns you.
* * * LOW HITPOINT WARNING * * *
Nessos shoots an arrow.
The arrow closely misses you.
Nessos shoots an arrow.
The arrow completely misses you.
Nessos shoots an arrow.
The arrow hits you.
You die...

##.#.#.....#.#.#
##...........#.##
##...............#
P................##
#.................#
#.................##### ####
...............§§.##P.###...#
.............##§§§.PPP.......
.#...........##§@§..........#
##.........# ##§§§...........
.#.......# #P.....§........ #
....... ##P............#
...#.. #........c...## #...##
##..$........# #..........#..
#P.............≈.
.≈(...###.......≈.


You could see Nessos (fast).

Vanquished Creatures
  Harold (D:8)
  A hydra (Lair:2)
  Erica (D:10)
  3 two-headed ogres
  An elephant (Lair:2)
  8 cane toads
  2 black mambas (Lair:3)
  An unseen horror (D:11)
  3 komodo dragons
  2 rime drakes
  A troll (D:9)
  Grinder (D:5)
  3 spriggans (Lair:2)
  2 shadows
  Sigmund (D:5)
  A wyvern (D:11)
  A basilisk (Lair:3)
  A tarantella (shapeshifter) (D:11)
  38 yaks
  A steam dragon (D:8)
  Menkaure (D:5)
  Edmund (D:5)
  5 water moccasins
  A swamp drake (Lair:3)
  An ice beast (D:7)
  A black bear (D:6)
  A hornet zombie (D:8)
  A necrophage (D:4)
  An ogre (D:6)
  13 wolves
  2 centaurs
  10 bullfrogs
  6 kobold brigands
  3 scorpions
  2 water moccasin zombies (D:6)
  6 killer bees
  An oklob sapling (D:6)
  8 wights
  2 electric eels (Lair:3)
  4 centaur zombies
  An orc priest (D:4)
  3 hounds
  Crazy Yiuf (D:5)
  A gnoll shaman (D:8)
  2 bullfrog skeletons (D:6)
  A centaur skeleton (D:5)
  5 orc wizards
  6 iguanas
  A killer bee zombie (D:7)
  2 adders
  30 gnolls
  A shadow imp (D:6)
  A white imp (D:6)
  3 dart slugs
  28 orcs
  9 endoplasms
  6 giant cockroaches
  9 goblins
  5 hobgoblins
  A quokka (D:3)
  7 ball pythons
  5 bats
  2 frilled lizards
  54 kobolds
  7 rats
334 creatures vanquished.

Vanquished Creatures (collateral kills)
  A hydra (D:11)
  A two-headed ogre (D:11)
  A manticore (D:11)
3 creatures vanquished.

Vanquished Creatures (others)
  A bush (Lair:1)
  10 fungi
  77 plants
88 creatures vanquished.

Grand Total: 425 creatures vanquished

Notes
Turn   | Place    | Note
-------+----------+-------------------------------------------
     0 | D:1      | raph the Minotaur Berserker began the quest for the Orb.
     0 | D:1      | Reached XP level 1. HP: 19/19 MP: 0/0
    29 | D:1      | Found a faded altar of an unknown god.
   319 | D:1      | Reached skill level 4 in Axes
   516 | D:1      | Reached XP level 2. HP: 22/26 MP: 1/1
  1501 | D:2      | Reached skill level 5 in Axes
  1583 | D:2      | You fall into a shaft and drop 1 floor!
  1688 | D:3      | Reached ** piety under Trog
  1922 | D:3      | Reached XP level 3. HP: 31/31 MP: 2/2
  2859 | D:3      | Reached skill level 6 in Axes
  2859 | D:3      | Reached XP level 4. HP: 39/39 MP: 3/3
  2968 | D:4      | Identified a scroll of acquirement
  2968 | D:4      | Acquired a +4 ring of evasion
  3289 | D:4      | Noticed a scorpion
  3296 | D:4      | Killed a scorpion
  3297 | D:4      | Reached skill level 7 in Axes
  3297 | D:4      | Reached XP level 5. HP: 45/45 MP: 4/4
  4045 | D:4      | Found a shadowy altar of Dithmenos.
  4113 | D:4      | Reached skill level 8 in Axes
  4495 | D:4      | Noticed a necrophage
  4913 | D:4      | Killed a necrophage
  4914 | D:4      | Reached XP level 6. HP: 51/51 MP: 5/5
  4978 | D:5      | Entered Level 5 of the Dungeon
  5261 | D:5      | Reached skill level 9 in Axes
  5280 | D:5      | Noticed Menkaure
  5292 | D:5      | Killed Menkaure
  5293 | D:5      | Reached XP level 7. HP: 57/57 MP: 6/6
  5449 | D:5      | Noticed Edmund
  5459 | D:5      | Killed Edmund
  5460 | D:5      | Reached skill level 10 in Axes
  5572 | D:5      | Reached *** piety under Trog
  5597 | D:5      | Reached skill level 11 in Axes
  6192 | D:5      | Reached XP level 8. HP: 64/64 MP: 7/7
  6437 | D:5      | Reached **** piety under Trog
  6597 | D:5      | Noticed Grinder
  6607 | D:5      | Killed Grinder
  6608 | D:5      | Reached skill level 12 in Axes
  6695 | D:5      | Found a runed translucent door.
  6696 | D:5      | Noticed Crazy Yiuf
  6701 | D:5      | Killed Crazy Yiuf
  7164 | D:5      | Noticed Sigmund
  7174 | D:5      | Killed Sigmund
  7508 | D:6      | Found a staircase to the Ecumenical Temple.
  7512 | D:6      | Reached skill level 13 in Axes
  7605 | D:6      | Found Cyobot's Antique Armour Shoppe.
  8343 | D:6      | Found a glowing golden altar of the Shining One.
  8344 | D:6      | Found a shimmering altar of Xom.
  8346 | D:6      | Found a glowing silver altar of Zin.
  8346 | D:6      | Found a snail-covered altar of Cheibriados.
  8564 | D:6      | Reached XP level 9. HP: 65/70 MP: 8/8
  8743 | D:6      | Identified the +1 ring mail "Vahah" {Harm Rampage Dex-2
                  | SInv}
  9298 | D:6      | Reached skill level 14 in Axes
  9783 | D:6      | Found a white marble altar of Elyvilon.
 10355 | D:7      | Noticed an ice statue
 10501 | D:7      | Reached skill level 1 in Stealth
 10501 | D:7      | Reached skill level 1 in Evocations
 11571 | D:8      | Noticed Harold
 11583 | D:8      | Killed Harold
 11584 | D:8      | Reached skill level 5 in Fighting
 11958 | D:6      | Bought a shiny plate armour for 468 gold pieces
 12109 | D:8      | Reached XP level 10. HP: 83/83 MP: 9/9
 12217 | D:8      | Found a hazy altar of Hepliaklqana.
 12225 | D:8      | Reached skill level 5 in Armour
 13014 | D:9      | Noticed a two-headed ogre
 13020 | D:9      | Killed a two-headed ogre
 13021 | D:9      | Reached skill level 5 in Dodging
 13839 | D:10     | Entered Level 10 of the Dungeon
 14049 | D:10     | Noticed Erica
 14056 | D:10     | Killed Erica
 14137 | D:10     | Noticed a two-headed ogre
 14144 | D:10     | Killed a two-headed ogre
 14145 | D:10     | Reached skill level 15 in Axes
 15403 | D:11     | Noticed a manticore
 15407 | D:11     | Killed a manticore
 15746 | D:11     | Noticed an orb spider
 15747 | D:11     | an orb spider changed into a tarantella
 15752 | D:11     | Reached XP level 11. HP: 92/92 MP: 10/10
 16238 | D:11     | Noticed a four-headed hydra
 16244 | D:11     | Killed a four-headed hydra
 16252 | D:11     | Found a staircase to the Lair.
 16268 | D:11     | Noticed a two-headed ogre
 16271 | D:11     | Killed a two-headed ogre
 16359 | D:11     | Noticed a two-headed ogre
 16374 | D:11     | Killed a two-headed ogre
 16688 | D:11     | Reached skill level 16 in Axes
 16801 | Lair:1   | Entered Level 1 of the Lair of Beasts
 16920 | Lair:1   | Identified the +0 robe of the Delicate Cockroach {Int+6
                  | Dex-5}
 16995 | Lair:1   | Identified the +3 leather armour "Jiradghu" {Slay+2}
 17087 | Lair:1   | Reached ***** piety under Trog
 17093 | Lair:1   | Reached XP level 12. HP: 104/104 MP: 11/11
 17854 | Lair:2   | Received a gift from Trog
 18132 | Lair:2   | Noticed a five-headed hydra
 18143 | Lair:2   | Killed a one-headed hydra
 18144 | Lair:2   | Reached skill level 1 in Shields
 18424 | Lair:2   | Reached skill level 17 in Axes
 19282 | Lair:3   | Reached skill level 10 in Fighting
 19897 | Lair:3   | Found a staircase to the Swamp.
 20489 | Lair:4   | Noticed Nessos
 20508 | Lair:4   | HP: 5/106 [Nessos/arrow (2)]
 20508 | Lair:4   | Shot with an arrow by Nessos

Illustrated notes

Levels and vault maps discovered:
D:1:      amcnicky_arrival_wind_blow, layout_basic, basic_ecumenical_altar,
          minmay_misc_feat_iff
D:2:      layout_loops_ring
D:3:      layout_loops_corners
D:4:      kennysheep_the_goblin_king, layout_basic, kennysheep_mini_moat,
          minmay_misc_feat_room, chequers_serial_rivers_large_b, minmay_puff
D:5:      minmay_goblin_kobold_castle, layout_basic, item_on_display_a,
          uniq_sigmund, uniq_grinder, uniq_menkaure, uniq_crazy_yiuf_cottage,
          uniq_edmund
D:6:      layout_basic, chequers_temple_overflow_statue_of_worship,
          nicolae_elyvilon_temple_path, minmay_temple_entry_oklob, serial_shops,
          nicolae_stop_n_shop_2
D:7:      lemuel_ice_statue, layout_basic
D:8:      layout_cave_pods, nicolae_hepliaklqana_hazy_memory, uniq_harold
D:9:      layout_irregular_city
D:10:     layout_basic, uniq_erica
D:11:     layout_gridville, lair_entry_dummy
Lair:1:   layout_gridlike, serial_forest, infiniplex_forest_zigzag_1,
          infiniplex_forest_clump_medium, infiniplex_forest_corner_1,
          infiniplex_forest_fountain, infiniplex_forest_clump_small,
          infiniplex_forest_straight_5, infiniplex_forest_end_3,
          infiniplex_forest_end_1
Lair:2:   layout_gridlike, wad_woods_02, grunt_megastairs_3, lemuel_fruit_tree
Lair:3:   layout_cave_pods, minmay_swamp_entry_reptiles, serial_bayou_pond_c,
          serial_bayou_shore_a
Lair:4:   layout_cave_pods, nicolae_spider_entry_non_spiders, serial_rivers,
          chequers_serial_rivers_micro_c, chequers_serial_rivers_small_a,
          chequers_serial_rivers_room_a, chequers_serial_rivers_small_b,
          chequers_serial_rivers_marsh, chequers_serial_rivers_micro_c,
          uniq_nessos

Skill      XL: |  1  2  3  4  5  6  7  8  9 10 11 12 |
---------------+-------------------------------------+-----
Axes           | 4 5 6 7 8 9 11 13 14 15 16 17 | 17.4
Fighting       | 5 7 9 10 | 10.3
Armour         | 4 6 8 9 |  9.9
Stealth        | 2 |  2.9
Evocations     | 3 |  3.0
Dodging        | 4 6 8 9 |  9.1
Shields        | 3 |  3.7

Action                   |  1- 3 |  4- 6 |  7- 9 | 10-12 || total
-------------------------+-------+-------+-------+-------++-------
Melee: Hand axe          |    88 |    82 |   302 |       ||   472
       Headbutt          |    12 |    15 |    60 |    69 ||   156
       Battleaxe         |       |       |     4 |   247 ||   251
       Broad axe         |       |       |       |   107 ||   107
Throw: Boomerang         |       |       |     7 |     5 ||    12
Invok: Berserk           |     1 |     7 |    18 |    16 ||    42
       Trog's Hand       |       |       |     1 |     1 ||     2
       Brothers in Arms  |       |       |       |     5 ||     5
Evoke: Wand              |       |       |     2 |     1 ||     3
  Use: Scroll            |       |    13 |     6 |    11 ||    30
       Potion            |       |       |       |     2 ||     2
Armor: Leather armour    |    21 |    13 |    35 |       ||    69
       Plate armour      |       |       |    31 |   157 ||   188
Dodge: Dodged            |    38 |    52 |   178 |   193 ||   461
Block: Kite shield       |       |       |       |    42 ||    42
